[Event "Live Chess"]
[Site "Chess.com"]
[Date "2023.05.20"]
[Round "-"]
[White "martynstanley"]
[Black "jameskwong"]
[Result "0-1"]
[WhiteElo "991"]
[BlackElo "2162"]
[TimeControl "300"]
[EndTime "10:14:22 PDT"]
[Termination "jameskwong won by checkmate"]

1. d4 Nf6 2. e3 d5 3. Bd3 c5 4. c3 Nc6 5. f4 Bg4 6. Nf3 e6 7. O-O Be7 8. Qe1 O-O 9. Nbd2 a6 10. h3 Bf5 11. Bxf5 exf5 12. Ne5 Ne4 13. Rf3 Rc8 14. Nxe4 fxe4 15. Rg3 Bh4 16. Bd2 b5 17. b4 cxd4 18. exd4 Bxg3 19. Qxg3 Ne7 20. Ng4 Kh8 21. Be3 Nf5 22.
Qf2 Rxc3 23. Re1 Qc7 24. h4 Rc2 25. Re2 Rxe2 26. Qxe2 Nxh4 27. Qf2 Nf5 28. Kh2 Rc8 29. Ne5 f6 30. Ng4 h5 31. Nxf6 gxf6 32. g4 hxg4 33. Qg2 Qh7+ 34. Kg1 Nxe3 35. Qh2 Rc1+ 36. Kf2 Qxh2+ 37.
Kxe3 Rc3# 0-1

[Event "Live Chess"]
[Site "Chess.com"]
[Date "2023.05.20"]
[Round "-"]
[White "LanceMaster23"]
[Black "Misha145Chess"]
[Result "1-0"]
[WhiteElo "1861"]
[BlackElo "596"]
[TimeControl "300"]
[EndTime "10:14:26 PDT"]
[Termination "LanceMaster23 won by checkmate"]

1. Nf3 Nc6 2. d4 d6 3. Bf4 Nf6 4. e3 Ne4 5. Nbd2 Nxd2 6. Qxd2 f6 7.
c3 e5 8. dxe5 fxe5 9. Bg3 e4 10.
Nd4 Nxd4 11. cxd4 Bf5 12. d5 Qg5 13. Bb5+ Bd7 14. Qa5 O-O-O 15. Bc4 Be7 16. Qxa7 Rhf8 17. Qa8# 1-0

[Event "Live Chess"]
[Site "Chess.com"]
[Date "2023.05.20"]
[Round "-"]
[White "lHolyDiverl"]
[Black "Zeraora719"]
[Result "0-1"]
[WhiteElo "546"]
[BlackElo "857"]
[TimeControl "300"]
[EndTime "10:14:27 PDT"]
[Termination "Zeraora719 won on time"]

1. d4 d5 2. Nc3 e6 3. Bf4 Bb4 4.
Qd3 Nf6 5. Qb5+ Nc6 6. O-O-O Bxc3 7. bxc3 Ne4 8. Rd3 Nxf2 9. Nf3 Nxh1 10. Ne5 a6 11.
Qa4 b5 12. Nxc6 bxa4 13. Nxd8 Kxd8 14. Bg5+ f6 15. Be3 e5 16. Rd1 exd4 17. Bxd4 Be6 18. g3 Nf2 19. Bxf2 Rb8 20. Bg2 Bf5 21. Rxd5+ Bd7 22. Bh3 c6 23. Rxd7+ Kc8 24. Rxg7+ Kd8 25. Rd7+ Ke8 26. Ra7 Rd8 27. Bc5 Rg8 28. Re7+ Kf8 29.
Rd7+ Ke8 30. Rxd8+ Kxd8 0-1

[Event "Live Chess"]
[Site "Chess.com"]
[Date "2023.05.20"]
[Round "-"]
[White "yarek"]
[Black "TobyQuaite"]
[Result "1/2-1/2"]
[WhiteElo "1896"]
[BlackElo "1704"]
[TimeControl "300"]
[EndTime "10:14:31 PDT"]
[Termination "Game drawn by agreement"]

1. e4 e6 2. d4 d5 3. exd5 exd5 4.
Bd3 Nf6 5. c3 Bd6 6. Bg5 O-O 7.
Nf3 Re8+ 8. Be2 Bg4 9. O-O h6 10. Bh4 Nbd7 11. h3 Bh5 12. Nbd2 c6 13. Bd3 Qc7 14.
Qc2 Bf4 15. g4 Bg6 16. Bxg6 fxg6 17. Qxg6 Nf8 18. Qf5 Ne4 19. Nxe4 Rxe4 20. Rfe1 Rae8 21. g5 hxg5 22. Bxg5 Bxg5 23. Qxg5 R8e6 24. Kh1 Qf7 25. Qg2 Rg6 26. Ng5 Qf5 27. Rxe4 dxe4 28. h4 Ne6 29. Qxe4 Qxe4+ 30. Nxe4 Rh6 31. Nd6 Rxh4+ 32. Kg1 b5 33. Re1 Ng5 34. Re8+ Kh7 35. Re7 a5 36. Rxg7+ Kxg7 37.
Nf5+ Kf7 38. Nxh4 Ne6 39. Kg2 1/2-1/2

[Event "Live Chess"]
[Site "Chess.com"]
[Date "2023.05.20"]
[Round "-"]
[White "ranvir123"]
[Black "mach247"]
[Result "1-0"]
[WhiteElo "893"]
[BlackElo "1341"]
[TimeControl "300"]
[EndTime "10:14:31 PDT"]
[Termination "ranvir123 won by resignation"]

1. e4 d5 2. exd5 Qxd5 3. Nf3 Bg4 4.
Nc3 Qd7 5. h3 Bxf3 6. Qxf3 Nc6 7.
Bc4 e6 8. O-O Nf6 9. d4 Be7 10.
Be3 O-O 11. Ne4 Nxd4 12. Nxf6+ Bxf6 13. Qxb7 Nxc2 14. Rac1 Nxe3 15. fxe3 Rfb8 16. Qf3 Rxb2 17. Rfd1 Qe7 18. Qxa8+ Qf8 1-0

[Event "Live Chess"]
[Site "Chess.com"]
[Date "2023.05.20"]
[Round "-"]
[White "Conradical12"]
[Black "Jeffaroow"]
[Result "1-0"]
[WhiteElo "1523"]
[BlackElo "465"]
[TimeControl "300"]
[EndTime "10:14:39 PDT"]
[Termination "Conradical12 won by checkmate"]

1. e4 e5 2. Nf3 Nc6 3. Bc4 Nf6 4. Ng5 d5 5. exd5 Nxd5 6. Nxf7 Kxf7 7. Qf3+ Ke6 8. Nc3 Ne7 9. O-O b6 10. Re1 Bb7 11.
Qe2 Nc6 12. Bxd5+ Kd6 13. Bxc6 Bxc6 14. Qxe5+ Kd7 15. Qe6# 1-0

[Event "Live Chess"]
[Site "Chess.com"]
[Date "2023.05.20"]
[Round "-"]
[White "IanCalvert2"]
[Black "Alan_Richardson"]
[Result "0-1"]
[WhiteElo "1620"]
[BlackElo "1679"]
[TimeControl "300"]
[EndTime "10:14:40 PDT"]
[Termination "Alan_Richardson won on time"]

1. b3 e5 2. Bb2 Nc6 3. e3 d6 4. Nf3 Nf6 5. d4 Bg4 6. Be2 e4 7. Nfd2 Bxe2 8. Qxe2 d5 9. O-O Be7 10. c4 O-O 11. Nc3 Bb4 12. cxd5 Bxc3 13. Bxc3 Qxd5 14. Qc4 Qg5 15. d5 Qxd5 16. Bxf6 Qxc4 17. bxc4 gxf6 18.
Nxe4 Kg7 19. Rfd1 Rfd8 20. Kf1 Ne5 21. c5 f5 22. Ng3 Kg6 23. Ke2 h5 24. Rxd8 Rxd8 25.
Rd1 Rxd1 26. Kxd1 Nd3 27. c6 bxc6 28. Ke2 Nc1+ 29. Kd2 Nxa2 30. Ne2 Nb4 31. Kc3 Nd5+ 32. Kd4 a5 33. Kc5 a4 34. Kxc6 a3 35. Nc1 Nc3 36. Kxc7 a2 37. Nb3 Nd1 38. Kd6 Nxf2 39. Kc5 Nd3+ 40.
Kd4 Ne1 41. Kc3 Nxg2 42. Kb2 Nxe3 43. Kxa2 f4 44. Nd2 Kf5 45. Kb2 Kg4 0-1

[Event "Live Chess"]
[Site "Chess.com"]
[Date "2023.05.20"]
[Round "-"]
[White "PetorPrydatko"]
[Black "Wlzard-1"]
[Result "0-1"]
[WhiteElo "372"]
[BlackElo "937"]
[TimeControl "300"]
[EndTime "10:14:45 PDT"]
[Termination "Wlzard-1 won on time"]

1. e4 d6 2. Bc4 Nf6 3. Nc3 g6 4. Nf3 Bg7 5. O-O Bg4 6. d4 Qd7 7. Bb5 c6 8. Ba4 b5 9. Bb3 Na6 10. h3 Be6 11. d5 cxd5 12. exd5 Bf5 13. Nd2 h5 14. Nf3 Nc7 15. a4 b4 16. Ne2 Bxh3 17. gxh3 Qxh3 18. Ng5 Qg4+ 19. Kh1 Qf3+ 20. Kh2 Ng4+ 21.
Kg1 Qf5 22. f4 Bh6 23. Nd4 Qe4 24.
Qd2 Bxg5 25. fxg5 Nxd5 26. Re1 Nge3 27. Rxe3 Qg4+ 28. Kf1 Qf4+ 29. Ke1 Nxe3 30. Qxb4 Nxc2+ 31. Kd1 Nxb4 32. Ke2 Qe4+ 33. Kf2 Nd3+ 34. Kg3 Qxd4 35. Kh2 Qf2+ 36. Kh3 Nf4+ 37. Bxf4 Qxf4 38. Kg2 Rc8 39.
Kh3 Qe3+ 40. Kh4 Qxb3 0-1

[Event "Live Chess"]
[Site "Chess.com"]
[Date "2023.05.20"]
[Round "-"]
[White "LL220284LL"]
[Black "MrDodgy"]
[Result "1-0"]
[WhiteElo "2417"]
[BlackElo "2321"]
[TimeControl "300"]
[EndTime "10:14:45 PDT"]
[Termination "LL220284LL won by resignation"]

1. Nf3 d5 2. c4 dxc4 3. Qa4+ c6 4. Qxc4 Nf6 5. g3 g6 6. Bg2 Bg7 7. O-O O-O 8. d4 Be6 9. Qc2 Bf5 10. Qb3 Qc8 11. Re1 Be6 12. Qc2 Bf5 13. e4 Bh3 14. Bh1 Na6 15. a3 Rd8 16. Nc3 h6 17. Bd2 Bg4 18.
Be3 c5 19. d5 Qc7 20. Nd2 e6 21. Nc4 exd5 22. exd5 Bf5 23. Qc1 Ng4 24. d6 Qc8 25. Nd5 Kh7 26. Ne7 Qd7 27. Nxf5 gxf5 28. Bf4 b5 29. Re7 Qc8 30. Bxa8 Qxa8 31. Qc2 Qd5 32.
Rd1 Qxc4 33. Qxf5+ Kh8 34. Qxg4 b4 35. d7 Nc7 36.
Qh5 Ne6 37. Bxh6 Nd4 38. Re8+ 1-0

[Event "Live Chess"]
[Site "Chess.com"]
[Date "2023.05.20"]
[Round "-"]
[White "boilerboy1"]
[Black "Ishaan1618"]
[Result "1-0"]
[WhiteElo "1097"]
[BlackElo "675"]
[TimeControl "300"]
[EndTime "10:14:56 PDT"]
[Termination "boilerboy1 won on time"]

1. e4 d6 2. d4 e5 3. dxe5 dxe5 4.
Qxd8+ Kxd8 5. Nf3 Bb4+ 6. c3 Bc5 7. Nxe5 Bd6 8. Nxf7+ Ke8 9. Nxh8 Nf6 10. Bc4 Nxe4 11.
O-O Be5 12. Nf7 Bf5 13. Nxe5 Nd6 14. Bb3 Bxb1 15. Rxb1 Ne4 16. Re1 Ke7 17. Bf4 Nd2 18. Nf3+ Kf6 19. Nxd2 Nc6 20. Ne4+ Kf5 21. Bxc7 Rc8 22.
Nd6+ Kg4 23. Nxc8 Ne7 24. Nxe7 g6 25. h3+ Kh4 26. Bg3+ Kg5 27. Re5+ Kf6 28. Nd5+ Kf7 29. Nc7+ Kf8 30. Rd1 g5 31. Rd8+ Kg7 32. Rxg5+ Kf6 33.
h4 h6 34. Ne8+ Ke7 35. Rgd5 Ke6 36. Nc7+ Ke7 37. Nb5 h5 38. R5d7+ Kf6 39. Rf8+ 1-0

[Event "Live Chess"]
[Site "Chess.com"]
[Date "2023.05.20"]
[Round "-"]
[White "Chris_pea"]
[Black "whitedjohn"]
[Result "0-1"]
[WhiteElo "615"]
[BlackElo "1656"]
[TimeControl "300"]
[EndTime "10:14:57 PDT"]
[Termination "whitedjohn won by resignation"]

1. e4 Nf6 2. Nc3 d5 3. e5 Nfd7 4. d4 e6 5. Nf3 c5 6. Be2 Nc6 7.
O-O cxd4 8. Nxd4 Ndxe5 9. Re1 Bc5 10. Bb5 O-O 11. Bxc6 Nxc6 12. Nxc6 bxc6 13. Qf3 Qf6 14. Qxf6 gxf6 15. Bh6 Re8 16. Re3 Bxe3 17. fxe3 e5 18.
Rf1 Re6 19. Rf3 Kh8 20. Rg3 f5 21. Bg7+ Kg8 22. Bxe5+ Rg6 23. Rf3 f6 24. Bd4 Kf7 25. Rxf5 Bxf5 26. e4 Bh3 27. g3 Rag8 28. Kf2 dxe4 29.
Nxe4 Ke6 30. Nc5+ Kd5 31. Be3 Bc8 32. Nd3 Rg4 33. Nf4+ Rxf4+ 34. gxf4 Ke4 35. h4 Be6 36. h5 Bxa2 37. Bxa7 Ra8 38. Bc5 Kxf4 39. Bd6+ Kg4 0-1

[Event "Live Chess"]
[Site "Chess.com"]
[Date "2023.05.20"]
[Round "-"]
[White "Horseymobile"]
[Black "toog"]
[Result "0-1"]
[WhiteElo "1250"]
[BlackElo "2638"]
[TimeControl "300"]
[EndTime "10:14:57 PDT"]
[Termination "toog won by resignation"]

1. d4 e6 2. e4 d5 3. e5 c5 4. Nf3 Nc6 5. Bf4 Qb6 6. Nc3 cxd4 7.
Na4 Qa5+ 8. Nc3 dxc3 9. b3 Bd7 10.
Bd3 Nge7 11. O-O Ng6 0-1

[Event "Live Chess"]
[Site "Chess.com"]
[Date "2023.05.20"]
[Round "-"]
[White "grillage"]
[Black "GEMdzq"]
[Result "0-1"]
[WhiteElo "1845"]
[BlackElo "2278"]
[TimeControl "300"]
[EndTime "10:15:10 PDT"]
[Termination "GEMdzq won on time"]

1. d4 Nf6 2. Nc3 e6 3. Bf4 c5 4. d5 exd5 5. Nxd5 Nxd5 6. Qxd5 Nc6 7. Nf3 Be7 8. e3 d6 9. O-O-O Be6 10. Qd2 d5 11. Kb1 h6 12. Bb5 O-O 13. h3 Qb6 14. Be2 Bf6 15. c3 a5 16. g4 g5 17. Bg3 a4 18. h4 a3 19. b3 c4 20. Nd4 cxb3 21. axb3 Nxd4 22. exd4 Qxb3+ 23. Ka1 Rfc8 24. Rc1 b5 25.
hxg5 hxg5 26. Be5 Qb2+ 27. Qxb2 axb2+ 28. Kxb2 Bxe5 29. dxe5 d4 30. Bf3 Ra2+ 31. Kb1 dxc3 32. Rc2 Rxc2 33. Kxc2 b4 34. Rb1 b3+ 35. Kd3 c2 36. Rc1 b2 37. Rxc2 Rd8+ 38. Ke3 b1=Q 39. Rc6 Qe1+ 0-1

[Event "Live Chess"]
[Site "Chess.com"]
[Date "2023.05.20"]
[Round "-"]
[White "lucaskk818"]
[Black "SimpleHarmonic1"]
[Result "0-1"]
[WhiteElo "1863"]
[BlackElo "2059"]
[TimeControl "300"]
[EndTime "10:15:11 PDT"]
[Termination "SimpleHarmonic1 won by resignation"]

1. d4 d5 2. c4 e6 3. Nf3 dxc4 4. e3 a6 5. a4 c5 6. Bxc4 Nf6 7. O-O Be7 8. dxc5 O-O 9. b4 a5 10. Ba3 axb4 11. Bxb4 Nc6 12. Bc3 Bxc5 13. Ne5 Nxe5 14. Bxe5 Qe7 15. Nc3 Rd8 16. Qc2 b6 17. Rfd1 Bb7 18.
Nb5 Nd5 19. Bc3 Qg5 20. Bxd5 Bxd5 21. e4 Qg6 22. Rxd5 exd5 23. Nc7 Rac8 24. Nb5 dxe4 25.
Re1 e3 26. fxe3 Qxc2 0-1

[Event "Live Chess"]
[Site "Chess.com"]
[Date "2023.05.20"]
[Round "-"]
[White "CheckThis4"]
[Black "LiamBellwood"]
[Result "1-0"]
[WhiteElo "2546"]
[BlackElo "2092"]
[TimeControl "300"]
[EndTime "10:15:12 PDT"]
[Termination "CheckThis4 won by resignation"]

1. c4 e6 2. Nf3 f5 3. h3 Nf6 4. g4 b6 5. g5 Ne4 6. h4 Bc5 7.
e3 Bb7 8. a3 a5 9. d3 O-O 10. dxe4 Bxe4 11. Nc3 Bb7 12. Bg2 d6 13.
Qe2 e5 14. O-O f4 15. exf4 exf4 16. Nd5 1-0

[Event "Live Chess"]
[Site "Chess.com"]
[Date "2023.05.20"]
[Round "-"]
[White "LaupMiths"]
[Black "ACx04"]
[Result "1-0"]
[WhiteElo "1827"]
[BlackElo "433"]
[TimeControl "300"]
[EndTime "10:15:18 PDT"]
[Termination "LaupMiths won by checkmate"]

1. e4 e5 2. Nf3 Nc6 3. Bb5 h6 4.
O-O Nf6 5. Re1 d5 6. exd5 Nxd5 7. Nxe5 a6 8. Nxc6+ Qe7 9. Nxe7+ c6 10. Nxd5+ Kd7 11. Nb6+ Kc7 12. Nxa8+ Kd6 13. Bc4 g5 14.
Qf3 Be6 15. Bxe6 fxe6 16. Qf7 e5 17. d4 exd4 18. Qe6+ Kc5 19. Re5+ Kb4 20. Qb3# 1-0

[Event "Live Chess"]
[Site "Chess.com"]
[Date "2023.05.20"]
[Round "-"]
[White "Nazarenko_vital"]
[Black "AKRJourno"]
[Result "1-0"]
[WhiteElo "1588"]
[BlackElo "750"]
[TimeControl "300"]
[EndTime "10:15:18 PDT"]
[Termination "Nazarenko_vital won by resignation"]

1. e4 c5 2. c3 e6 3. d4 d5 4. e5 c4 5. b3 Qa5 6. bxc4 Qxc3+ 7. Nxc3 Kd7 8. Qa4+ Kc7 9. Nb5+ Kb6 10. Rb1 a6 11.
Nd6+ Kc7 12. Nxf7 1-0

[Event "Live Chess"]
[Site "Chess.com"]
[Date "2023.05.20"]
[Round "-"]
[White "Pablo_dmp"]
[Black "wadsy27"]
[Result "0-1"]
[WhiteElo "1870"]
[BlackElo "2589"]
[TimeControl "300"]
[EndTime "10:15:24 PDT"]
[Termination "wadsy27 won by resignation"]

1. e4 c6 2. d4 d5 3. e5 c5 4.
dxc5 e6 5. a3 Bxc5 6. b4 Be7 7.
Bd3 a5 8. b5 Qc7 9. Nf3 Nd7 10.
Qe2 Nh6 11. Bxh6 gxh6 12. Qe3 b6 13. Nbd2 Bb7 14. c4 Bg5 15. Nxg5 hxg5 16. Qxg5 Qxe5+ 17. Qxe5 Nxe5 18. Be2 dxc4 19. f3 c3 20. Ne4 Bxe4 21. fxe4 Ke7 22. Rc1 Rac8 23. O-O Rhd8 24. Bh5 Rd2 25.
Rf2 Rxf2 26. Kxf2 Nd3+ 0-1

[Event "Live Chess"]
[Site "Chess.com"]
[Date "2023.05.20"]
[Round "-"]
[White "booktrunk"]
[Black "onemoretime1975"]
[Result "0-1"]
[WhiteElo "1360"]
[BlackElo "1910"]
[TimeControl "300"]
[EndTime "10:15:26 PDT"]
[Termination "onemoretime1975 won by resignation"]

1. d4 d5 2. Nf3 Nf6 3. Bf4 e6 4. h3 Bd6 5. Bxd6 Qxd6 6. e3 c5 7.
Bb5+ Bd7 8. Bxd7+ Nbxd7 9. dxc5 Nxc5 10. O-O O-O 11. Qd4 Nce4 12. c3 a6 13. Rd1 Rac8 14.
Qe5 Qb6 15. Nbd2 Qxb2 16. Nxe4 Nxe4 17. Rab1 Qxc3 18. Rdc1 Qxe5 19. Nxe5 Nd2 20. Ra1 b5 21.
Rd1 Nc4 22. Nd3 a5 23. Rab1 b4 24. g3 Na3 25. Rb3 Rc2 26. Nc1 Rfc8 27. Nd3 Rxa2 28. Nb2 Nc4 29. Nd3 Ra3 30. Rbb1 Nd6 31. Ne5 f6 32. Nf3 Ra2 33. Nd4 Kf7 34. Rd3 Ne4 35.
f3 Nd2 36. Rd1 Nc4 37. Nb5 Nb2 38. R1d2 Ra1+ 39. Kg2 Nxd3 40. Rxd3 Rc2+ 0-1

[Event "Live Chess"]
[Site "Chess.com"]
[Date "2023.05.20"]
[Round "-"]
[White "vovanada"]
[Black "JackRudd"]
[Result "0-1"]
[WhiteElo "806"]
[BlackElo "2400"]
[TimeControl "300"]
[EndTime "10:15:26 PDT"]
[Termination "JackRudd won by checkmate"]

1. d4 Nf6 2. Bf4 c5 3. c3 Nc6 4. e3 cxd4 5. cxd4 Qb6 6. b3 e6 7. Nf3 Bb4+ 8. Nbd2 Nd5 9. Bg3 f5 10. Ne5 O-O 11. Bd3 f4 12. exf4 Qxd4 13. Qh5 Qxa1+ 14. Ke2 Nd4# 0-1

[Event "Live Chess"]
[Site "Chess.com"]
[Date "2023.05.20"]
[Round "-"]
[White "domrobson"]
[Black "lamteama1"]
[Result "0-1"]
[WhiteElo "1718"]
[BlackElo "1118"]
[TimeControl "300"]
[EndTime "10:15:31 PDT"]
[Termination "lamteama1 won by resignation"]

1. d4 d5 2. c4 dxc4 3. Nf3 c6 4. e3 Be6 5. a4 Nf6 6. Nc3 Qa5 7. Bd2 Qf5 8. Be2 Nbd7 9. O-O O-O-O 10. a5 g5 11. Qa4 g4 12. Ne1 a6 13. Bxc4 Bxc4 14. Qxc4 e5 15. d5 Nc5 16. b4 Nce4 17. Nxe4 Nxe4 18. Rd1 Rxd5 19. Qc2 Rg8 20. Bc1 Rxd1 21. Qxd1 Bxb4 0-1

[Event "Live Chess"]
[Site "Chess.com"]
[Date "2023.05.20"]
[Round "-"]
[White "WelshTiger"]
[Black "Assassin696969"]
[Result "1-0"]
[WhiteElo "2433"]
[BlackElo "2112"]
[TimeControl "300"]
[EndTime "10:15:31 PDT"]
[Termination "WelshTiger won by resignation"]

1. e4 c6 2. d4 d5 3. f3 dxe4 4. fxe4 e5 5. Nf3 Bg4 6. Bc4 Nd7 7. c3 Ngf6 8. Bg5 Bd6 9. Nbd2 O-O 10. O-O h6 11. Be3 b5 12. Bb3 Qe7 13. Qe1 c5 14. d5 c4 15. Bc2 Bc5 16. Nh4 Kh7 17. h3 Bxe3+ 18. Qxe3 Bh5 19. Kh1 Bg6 20. Nf5 Bxf5 21.
Rxf5 g6 22. Rf2 Nh5 23. Nf3 Nf4 24. Nxe5 Nxg2 25. Kxg2 Nxe5 26. Raf1 a5 27. Rf6 b4 28. Qd4 Rae8 29. Ba4 Rd8 30. d6 Qb7 31. Qxe5 bxc3 32. bxc3 Qb2+ 33. R1f2 Qc1 34. Rxf7+ 1-0

[Event "Live Chess"]
[Site "Chess.com"]
[Date "2023.05.20"]
[Round "-"]
[White "CeladonFish"]
[Black "AdamHunt1"]
[Result "0-1"]
[WhiteElo "984"]
[BlackElo "2255"]
[TimeControl "300"]
[EndTime "10:15:40 PDT"]
[Termination "AdamHunt1 won by checkmate"]

1. d4 Nf6 2. c4 e5 3. dxe5 Ng4 4. Bf4 Bb4+ 5. Nd2 Nc6 6. Nf3 Qe7 7. e3 O-O 8. Be2 Ngxe5 9. Nxe5 Nxe5 10. O-O Ng6 11. a3 Bd6 12. Bxd6 Qxd6 13. Qc2 a5 14. Rfd1 Qe7 15.
Ra2 d6 16. Rda1 Nh4 17. g3 Ng6 18. b4 h5 19. Bxh5 Ne5 20. Be2 Bh3 21. bxa5 Rxa5 22. Bd3 Qf6 23. f4 Ng4 24. Ne4 Qe6 25. Re1 f6 26. c5 d5 27. Nc3 Rxc5 28. Bf5 Qc6 29.
Qe2 Rxc3 30. Bxg4 Bxg4 31. Qxg4 Re8 32. Qf3 d4 33. Qxc6 bxc6 34. e4 c5 35. e5 fxe5 36.
fxe5 c4 37. a4 d3 38. a5 Rb3 39. a6 c3 40. a7 Ra8 41. e6 d2 42. Rd1 Rb2 43. Raa1 c2 44. Rxd2 Rb1+ 45. Rxb1 cxb1=Q+ 46. Kg2 Qe4+ 47. Kf2 Rxa7 48. Re2 Qf5+ 49. Ke1 Ra1+ 50.
Kd2 Ra2+ 51. Ke1 Rxe2+ 52. Kxe2 Qxe6+ 53. Kf3 c5 54. Kf4 c4 55. g4 c3 56. g5 c2 57.
g6 c1=B+ 58. Kf3 Qe3+ 59. Kg4 Qf4+ 60. Kh3 Qf3+ 61. Kh4 Qf4+ 62. Kh3 Qh6+ 63. Kg3 Qxg6+ 64. Kh3 Qf5+ 65. Kg3 g5 66. h4 g4 67. h5 Qf3+ 68. Kh4 g3 69. h6 Kh8 70. h7 Qf4+ 71.
Kh3 Be3 72. Kg2 Qg4 73. Kf1 Qf3+ 74. Ke1 Qf2+ 75. Kd1 Qd2# 0-1

[Event "Live Chess"]
[Site "Chess.com"]
[Date "2023.05.20"]
[Round "-"]
[White "Fazer180"]
[Black "YrrriKharkiv"]
[Result "0-1"]
[WhiteElo "1700"]
[BlackElo "2085"]
[TimeControl "300"]
[EndTime "10:15:49 PDT"]
[Termination "YrrriKharkiv won by checkmate"]

1. e4 e6 2. d4 d5 3. Nc3 Nf6 4. e5 Nfd7 5. f4 c5 6. Nf3 Nc6 7. Be3 f6 8. exf6 Qxf6 9. Be2 cxd4 10. Nxd4 Nxd4 11. Qxd4 Bc5 12. Qxf6 gxf6 13. Bxc5 Nxc5 14. O-O-O f5 15. Nb5 Ke7 16. Bf3 Bd7 17. Nd4 h5 18. Rhe1 Ne4 19. Bxe4 fxe4 20. Re3 Rhf8 21. g3 Rac8 22.
Rb3 b6 23. Ra3 Rc7 24. Rf1 e5 25. Nb3 Rfc8 26. c3 Rf8 27. Kd2 Bh3 28. Rf2 h4 29. Ke3 hxg3 30. hxg3 Rg8 31. fxe5 Rxg3+ 32. Kd4 Rd3# 0-1

[Event "Live Chess"]
[Site "Chess.com"]
[Date "2023.05.20"]
[Round "-"]
[White "MMmaaxxxx"]
[Black "JanMur7"]
[Result "1-0"]
[WhiteElo "2022"]
[BlackElo "1980"]
[TimeControl "300"]
[EndTime "10:15:52 PDT"]
[Termination "MMmaaxxxx won on time"]

1. e4 e5 2. Nc3 Nf6 3. f4 d5 4. fxe5 Nxe4 5. Qf3 Nxc3 6. bxc3 c5 7. Qg3 Nc6 8. Nf3 Be6 9. Bb5 a6 10. Bxc6+ bxc6 11. O-O Qb6 12. Ng5 c4+ 13. Kh1 c5 14. Qf3 Ra7 15. Nxe6 Qxe6 16. Rb1 Be7 17. Rb8+ Bd8 18. Qe3 Qe7 19. Ba3 Rc7 20. Ra8 O-O 21. Rxa6 Qg5 22. Qxg5 Bxg5 23. d4 cxd3 24. cxd3 Re8 25. d4 cxd4 26.
cxd4 Be3 27. Bc5 h6 28. Re1 Bd2 29. Re2 Rb7 30. g3 Rb1+ 31. Kg2 Bb4 32. Rb6 Bxc5 33.
Rxb1 Bxd4 34. Rbe1 Ra8 35. Rd1 Ra4 36. g4 Kh7 37. h3 Kg6 38. Kf3 Ra3+ 39. Kg2 Ra4 40. Rd3 Kg5 41. Kg3 Kg6 42. h4 h5 43. g5 Kf5 44. Rf3+ Ke6 45. Kh3 Bxe5 46. Rfe3 f6 47.
gxf6 gxf6 48. Rb3 d4 49. Rb6+ Kf5 50. Rf2+ Ke4 51. Rb3 Rc4 52. Re2+ Kd5 53. Rd2 Kc6 54. Rdd3 Rc3 55. Rdxc3+ dxc3 56. Rb1 Kc5 57. Rc1 Kc4 58. Kg2 Kd3 59. Kf3 c2 60. Rxc2 Kxc2 61. a4 Kb2 62.
a5 Bb8 63. a6 Ba7 64. Ke4 Kc2 65. Kf5 Kd2 66. Kxf6 Ke3 67. Kg5 Kf3 68. Kxh5 Ke3 69.
Kg5 Kd4 70. h5 Kd5 71. Kg6 Kc5 72. h6 Kc6 73. h7 Kb6 74. h8=Q Kxa6 75. Qg8 Bb6 76.
Qf7 Kb5 77. Qe6 Kc5 78. Qf5+ 1-0

[Event "Live Chess"]
[Site "Chess.com"]
[Date "2023.05.20"]
[Round "-"]
[White "lateforthesky"]
[Black "ramses-IIG"]
[Result "1-0"]
[WhiteElo "2087"]
[BlackElo "759"]
[TimeControl "300"]
[EndTime "10:15:57 PDT"]
[Termination "lateforthesky won by checkmate"]

1. e4 d5 2. exd5 Qxd5 3. Nc3 Qe6+ 4. Be2 Qg6 5. Bf3 c6 6. Nge2 e5 7. Ng3 Bb4 8. O-O f6 9. d4 Bxc3 10. bxc3 e4 11. Nxe4 Bf5 12. Re1 Ne7 13. Nd6+ Kd7 14. Nxf5 Nxf5 15. Qe2 Na6 16. Qe6+ Kc7 17. Bf4+ Kb6 18.
Rab1+ Ka5 19. Qc4 Nh4 20. Be4 Qg4 21. Bc7+ Nxc7 22. Qb4+ Ka6 23. Qa4# 1-0

[Event "Live Chess"]
[Site "Chess.com"]
[Date "2023.05.20"]
[Round "-"]
[White "mach247"]
[Black "lHolyDiverl"]
[Result "0-1"]
[WhiteElo "1325"]
[BlackElo "562"]
[TimeControl "300"]
[EndTime "10:16:00 PDT"]
[Termination "lHolyDiverl won by resignation"]

1. e4 c6 2. d4 d5 3. e5 Bf5 4. Nf3 e6 5. Nh4 Qxh4 6. g3 Qe4+ 7. Qe2 Qxh1 8. Nc3 Bb4 9. Bd2 Bxc3 10. Bxc3 Qe4 11. Qxe4 Bxe4 0-1

[Event "Live Chess"]
[Site "Chess.com"]
[Date "2023.05.20"]
[Round "-"]
[White "FlyingChessKestrel13"]
[Black "birdseed45"]
[Result "1-0"]
[WhiteElo "2121"]
[BlackElo "1844"]
[TimeControl "300"]
[EndTime "10:16:04 PDT"]
[Termination "FlyingChessKestrel13 won by checkmate"]

1. e4 c5 2. Nc3 Nc6 3. g3 g6 4. Bg2 Bg7 5. d3 d6 6. Nge2 Nf6 7. O-O O-O 8. Nd5 e6 9. Nxf6+ Bxf6 10. c3 h5 11. f4 Bg7 12. Be3 Bd7 13. Qd2 Rc8 14. Rac1 Kh7 15. d4 cxd4 16. cxd4 e5 17. d5 Ne7 18. Kh1 a6 19. Rf2 Rxc1+ 20. Qxc1 Qa5 21. f5 gxf5 22. exf5 Bf6 23. Qd1 Nxf5 24. Be4 Kg6 25.
Qf1 Bg5 26. Rxf5 Bxe3 27. Rxf7+ Kg5 28. Rxf8 Qd2 29. Qf6+ Kg4 30. Qh4# 1-0

[Event "Live Chess"]
[Site "Chess.com"]
[Date "2023.05.20"]
[Round "-"]
[White "olahgito"]
[Black "tpm07"]
[Result "0-1"]
[WhiteElo "730"]
[BlackElo "1996"]
[TimeControl "300"]
[EndTime "10:16:10 PDT"]
[Termination "tpm07 won on time"]

1. e4 c5 2. Nf3 d6 3. c3 Nf6 4.
Bb5+ Bd7 5. Bxd7+ Nbxd7 6. d4 Nxe4 7. dxc5 Nexc5 8. Be3 g6 9. Bxc5 Nxc5 10. O-O Bg7 11. Nbd2 O-O 12. Nb3 b6 13. Re1 Qc7 14. h3 e6 15. a4 Rab8 16. Nh2 d5 17. g4 Ne4 18. Kg2 Qc6 19. f3 Nd6 20. Nd4 Qb7 21. b4 Rbc8 22.
Rc1 Qa6 23. b5 Qb7 24. Qd2 Nc4 25. Qd3 Na5 26. Rc2 Rc4 27. f4 Rxa4 28. Rec1 Rc4 0-1

[Event "Live Chess"]
[Site "Chess.com"]
[Date "2023.05.20"]
[Round "-"]
[White "LanceMaster23"]
[Black "HD_IN4k"]
[Result "0-1"]
[WhiteElo "1844"]
[BlackElo "302"]
[TimeControl "300"]
[EndTime "10:16:14 PDT"]
[Termination "HD_IN4k won - game abandoned"]

1. Nf3 g6 2. d4 Bg7 3. Bf4 Nf6 4. e3 O-O 5. h3 d6 6. c3 Bf5 7. Qb3 Bxb1 8. Rxb1 Nc6 9. Qxb7 Qd7 10. Bb5 Rfb8 0-1

[Event "Live Chess"]
[Site "Chess.com"]
[Date "2023.05.20"]
[Round "-"]
[White "wot-not"]
[Black "Brooms1989"]
[Result "0-1"]
[WhiteElo "1465"]
[BlackElo "986"]
[TimeControl "300"]
[EndTime "10:16:16 PDT"]
[Termination "Brooms1989 won by resignation"]

1. e4 e5 2. f4 exf4 3. Nf3 Nc6 4. Bc4 Bc5 5. d4 Bb6 6. O-O Nge7 7. Bxf4 O-O 8. c3 d5 9. exd5 Nxd5 10. Bxd5 Qxd5 11. Nbd2 Bg4 12. Kh1 Rfe8 13. h3 Bxf3 14. Qxf3 Qxf3 15. Nxf3 Re7 16. Rae1 Rae8 17. Rxe7 Rxe7 18. Re1 Rxe1+ 19.
Nxe1 h6 20. Nd3 g5 21. Bg3 f5 22. Be5 Nxe5 23. Nxe5 Kg7 24. Kh2 c5 25. d5 Kf6 26.
Nd7+ Ke7 27. Nxb6 axb6 28. Kg3 Kd6 29. c4 b5 30. b3 bxc4 31. bxc4 b5 32. cxb5 Kxd5 33.
h4 gxh4+ 34. Kxh4 c4 35. Kh5 c3 36. Kxh6 c2 37. Kg5 c1=Q+ 38. Kxf5 Qc2+ 0-1

[Event "Live Chess"]
[Site "Chess.com"]
[Date "2023.05.20"]
[Round "-"]
[White "IanCalvert2"]
[Black "Jeffaroow"]
[Result "1-0"]
[WhiteElo "1620"]
[BlackElo "465"]
[TimeControl "300"]
[EndTime "10:16:17 PDT"]
[Termination "IanCalvert2 won by resignation"]

1. b3 e5 2. Bb2 Nc6 3. e3 Nf6 4. Nf3 Bd6 5. d4 O-O 6. dxe5 Bxe5 7. Nxe5 Nxe5 8. Bxe5 Re8 9. Bb2 Ne4 10. Nd2 Nxd2 11. Qxd2 1-0